Map: Terraform LE (Void)

Players

HillBilly - Winner!

  • Race: Zerg Zerg
  • League: Master

jinjinn

  • Race: Terran Terran
  • League: Platinum

VOD

Have the link to the VOD?

Description

Time

  • Played on: Aug. 1, 2015, 5:28 a.m.
  • Length: 25:39
Show
View Real Time Build Order
Export as new Build Order

HillBilly Zerg - Winner!

Build Orders: Hatch First 

Get SALT Encoding   

  12  0:01  Drone  
  13  0:14  Overlord  
  13  0:18  Drone  
  14  0:32  Drone x2  
  16  0:36  Drone  
  17  0:53  Hatchery  
  17  0:57  Drone  
  17  1:13  Drone, Spawning Pool  
  17  1:17  Drone  
  18  1:37  Overlord  
  18  1:46  Hatchery  
  17  1:51  Drone  
  18  1:59  Queen  
  18  2:00  Zergling x2  
  18  2:01  Zergling x2  
  22  2:11  Queen  
  22  2:15  Zergling x2  
  25  2:18  Drone  
  25  2:21  Drone  
  27  2:36  Drone x4  
  31  2:42  Queen  
  32  2:53  Queen  
  32  2:55  Overlord  
  34  2:59  Overlord  
  34  3:08  Spine Crawler  
  34  3:09  Drone x2  
  35  3:13  Extractor  
  34  3:23  Drone  
  34  3:24  Drone x5  
  40  3:41  Roach Warren  
  40  3:45  Spine Crawler  
  39  3:48  Zergling x4  
  39  3:49  Drone x4  
  44  4:01  Spore Crawler  
  43  4:08  Spore Crawler  
  42  4:11  Overlord  
  37  4:35  Roach x5  
  47  4:41  Roach  
  49  4:50  Spore Crawler  
  46  4:57  Roach x2  
  47  5:10  Roach  
  47  5:12  Drone x11  
  47  5:13  Drone x3  
  59  5:21  Queen x2  
  61  5:32  Drone x5  
  66  5:36  Extractor  
  66  5:41  Overlord  
  65  5:45  Lair  
  65  5:53  Extractor  
  65  5:54  Extractor  
  65  5:56  Roach  
  65  5:59  Spore Crawler, Extractor  
  65  6:00  Drone x5, Extractor  
  65  6:03  Overlord  
  65  6:04  Overlord x2  
  67  6:23  Hatchery  
  67  6:24  Drone  
  67  6:25  Drone x8  
  75  6:34  Spore Crawler, Drone x4  
  78  6:45  Metabolic Boost  
  78  6:46  Infestation Pit  
  77  6:49  Drone  
  77  6:50  Drone  
  77  6:51  Evolution Chamber  
  77  6:52  Evolution Chamber  
  77  6:58  Roach x3  
  83  7:04  Overlord x2  
  83  7:10  Drone  
  83  7:11  Drone x4  
  88  7:16  Overlord x2  
  88  7:23  Glial Reconstitution  
  88  7:31  Overlord x2  
  88  7:35  Zerg Missile Weapons Level 1  
  88  7:36  Zerg Melee Weapons Level 1  
  88  7:38  Hive  
  88  7:39  Drone  
  89  7:48  Drone x7  
  89  7:49  Drone  
  97  7:56  Drone x2  
  97  7:57  Drone x4  
  99  8:04  Spire  
  98  8:06  Overlord  
  98  8:07  Overlord  
  98  8:10  Drone x2  
  98  8:11  Drone  
  101  8:25  Overlord x2  
  101  8:33  Roach  
  101  8:34  Roach x10  
  123  8:42  Roach x2  
  123  8:43  Roach x4  
  135  8:49  Overseer  
  135  8:50  Nydus Network  
  135  8:55  Drone x8  
  141  8:56  Drone  
  141  9:03  Viper  
  141  9:04  Viper  
  141  9:09  Hatchery  
  138  9:14  Drone  
  139  9:17  Adrenal Glands  
  139  9:21  Extractor  
  139  9:23  Extractor  
  137  9:25  Viper x3  
  146  9:34  Nydus Canal  
  146  9:37  Zerg Missile Weapons Level 2, Zerg Melee Weapons Level 2  
  146  9:45  Spine Crawler  
  146  9:52  Nydus Canal  
  133  10:03  Roach  
  133  10:04  Roach x17  
  149  10:12  Nydus Canal  
  149  10:13  Roach x3  
  139  10:14  Roach  
  139  10:18  Roach x3, Zergling x2  
  139  10:19  Zergling x4  
  148  10:26  Drone  
  148  10:27  Drone x4  
  147  10:49  Roach x6, Zergling x8  
  163  10:51  Drone  
  163  10:52  Drone x2  
  163  10:53  Overlord x2  
  163  10:54  Overlord x2  
  166  11:16  Roach, Zergling x2  
  166  11:17  Roach x6, Zergling x12  
  187  11:20  Drone x2  
  189  11:28  Hatchery, Roach x5  
  189  11:31  Overlord  
  198  11:35  Greater Spire  
  197  11:41  Drone  
  197  11:42  Drone  
  198  11:48  Overlord, Hydralisk Den  
  197  11:54  Drone x3, Spine Crawler  
  197  11:58  Zerg Melee Weapons Level 3, Zerg Missile Weapons Level 3  
  181  12:33  Viper x3  
  181  12:35  Muscular Augments  
  182  12:47  Hydralisk x11  
  182  12:50  Overlord  
  200  13:12  Zerg Flyer Weapons Level 1  
  200  13:26  Spore Crawler  
  199  13:27  Spine Crawler  
  199  13:33  Extractor  
  197  13:34  Extractor  
  194  13:56  Ultralisk Cavern  
  193  14:17  Corruptor  
  193  14:18  Corruptor x2  
  180  14:35  Zerg Ground Armor Level 1  
  180  14:37  Viper  
  180  14:38  Viper x2  
  150  14:49  Ultralisk x2  
  150  14:50  Ultralisk x7  
  150  14:52  Zergling x16  
  200  14:56  Chitinous Plating  
  200  15:16  Lurker Den  
  200  15:17  Extractor  
  200  15:19  Extractor  
  198  15:54  Brood Lord  
  178  16:27  Corruptor  
  178  16:28  Viper  
  178  16:29  Viper x2  
  178  16:30  Corruptor  
  178  16:31  Corruptor x4  
  199  16:41  Spine Crawler  
  199  16:42  Spine Crawler  
  199  16:43  Zerg Ground Armor Level 2, Spine Crawler  
  196  17:13  Nydus Canal  
  196  17:32  Hatchery, Spine Crawler  
  196  17:34  Spine Crawler, Nydus Canal  
  196  17:35  Spine Crawler  
  196  17:37  Spine Crawler  
  185  17:44  Corruptor x6  
  179  17:45  Corruptor x2  
  174  18:36  Drone x3  
  174  18:38  Corruptor  
  174  18:39  Brood Lord x4  
  174  18:40  Brood Lord x4  
  195  18:46  Zerg Flyer Weapons Level 2  
  195  18:47  Zergling x4  
  195  18:48  Zergling x4  
  199  19:03  Drone  
  188  19:29  Zergling x14  
  188  19:30  Extractor, Zergling x10  
  199  19:37  Spine Crawler  
  198  19:38  Spore Crawler x2, Spine Crawler  
  192  19:49  Viper x3  
  127  20:01  Corruptor x3  
  127  20:02  Corruptor x2  
  127  20:05  Brood Lord  
  127  20:06  Corruptor x13  
  145  20:08  Zergling x2  
  145  20:09  Zergling x38  
  157  21:03  Viper x3  
  158  21:05  Drone  
  158  21:06  Drone x2  
  158  21:09  Brood Lord  
  156  21:23  Brood Lord  
  158  21:26  Hatchery  
  158  21:27  Hatchery  
  156  21:41  Brood Lord  
  156  21:45  Zergling x6  
  156  21:46  Zergling x46  
  156  21:47  Extractor  
  183  21:49  Extractor  
  178  21:57  Hatchery  
  178  22:19  Brood Lord x2  
  182  22:33  Drone x5  
  182  22:34  Drone x7  
  194  22:41  Extractor  
  195  22:45  Brood Lord  
  195  22:52  Drone x2, Extractor  
  195  22:53  Spore Crawler  
  195  22:54  Spore Crawler x3  
  184  23:12  Spore Crawler x2  
  174  23:40  Zergling x8  
  174  23:41  Zergling x22  
  185  23:55  Zergling x10  
  183  24:15  Zergling x14  
  183  24:16  Zergling x14  
  178  24:25  Drone x3  
  178  24:30  Zergling x8  
Show
View Real Time Build Order
Export as new Build Order

jinjinn Terran 

Build Orders: Hellion Opening, Liberator Opening, Reaper Expand, Mech 

Get SALT Encoding   

  12  0:02  SCV  
  13  0:14  SCV  
  13  0:18  Supply Depot  
  14  0:26  SCV  
  15  0:30  Refinery  
  15  0:39  SCV  
  16  0:47  Barracks  
  16  0:51  SCV  
  17  1:03  SCV  
  18  1:15  SCV  
  19  1:34  Orbital Command  
  19  1:35  Reaper  
  20  1:49  Command Center  
  20  2:02  SCV, Factory  
  21  2:09  Barracks Reactor  
  21  2:14  SCV  
  21  2:15  Refinery  
  22  2:26  SCV  
  22  2:29  Supply Depot  
  23  2:51  SCV  
  24  2:55  Starport  
  24  2:57  Hellion  
  24  2:58  Barracks Reactor, Hellion  
  28  3:03  Orbital Command  
  28  3:04  SCV  
  29  3:16  SCV  
  32  3:20  Hellion  
  32  3:22  Hellion  
  34  3:27  Liberator  
  34  3:28  SCV  
  34  3:30  SCV  
  36  3:40  SCV  
  37  3:44  Hellion  
  37  3:45  Hellion  
  44  3:48  Armory  
  44  3:52  SCV  
  44  3:54  Supply Depot  
  45  3:58  SCV  
  46  4:15  SCV  
  46  4:16  Hellion x2  
  51  4:30  SCV x2  
  53  4:38  Supply Depot, Engineering Bay  
  53  4:42  SCV  
  54  4:51  Liberator x2  
  54  4:59  SCV x2  
  54  5:08  Hellion x2  
  54  5:11  SCV x2  
  54  5:14  Command Center, Supply Depot  
  55  5:15  Supply Depot  
  48  5:23  SCV x2  
  48  5:24  Refinery x2  
  50  5:30  Command Center  
  50  5:36  SCV x2  
  50  5:38  Barracks Tech Lab  
  50  5:41  Factory  
  52  5:42  Liberator  
  52  5:48  SCV x2  
  54  5:51  Terran Vehicle Weapons Level 1  
  54  5:55  Factory  
  54  5:58  Hellion, Liberator  
  54  6:00  SCV x2  
  61  6:10  Hellion  
  63  6:12  SCV x2  
  68  6:20  Barracks Tech Lab  
  68  6:24  SCV x2, Hellion  
  72  6:36  SCV  
  72  6:37  Hellion, Siege Tank  
  72  6:38  SCV, Liberator  
  79  6:43  Missile Turret  
  79  6:48  SCV  
  79  6:50  SCV  
  81  6:54  Siege Tank  
  81  6:55  Hellion  
  81  6:57  Orbital Command  
  81  7:00  SCV, Refinery  
  90  7:02  SCV, Missile Turret  
  90  7:03  Refinery  
  90  7:04  Refinery  
  90  7:05  Refinery  
  91  7:11  Siege Tank  
  94  7:16  Factory  
  94  7:17  SCV x2  
  96  7:30  Hellion, Siege Tank  
  96  7:31  SCV x2, Hellion  
  106  7:43  Planetary Fortress  
  105  7:49  Siege Tank  
  108  7:54  Factory  
  108  7:56  Barracks Tech Lab  
  108  7:58  Command Center  
  108  7:59  SCV x3  
  111  8:06  Siege Tank  
  111  8:08  Hellion  
  111  8:10  Sensor Tower, Missile Turret  
  111  8:11  Terran Vehicle Weapons Level 2  
  111  8:12  Missile Turret  
  116  8:14  Hellion x5  
  116  8:18  Supply Depot  
  116  8:26  Supply Depot  
  116  8:28  Supply Depot x2  
  116  8:34  Liberator x2  
  116  8:40  SCV x4  
  120  8:44  Armory  
  120  8:45  Fusion Core  
  120  8:47  Factory Tech Lab  
  120  8:52  SCV x3  
  120  8:54  SCV  
  130  8:59  Supply Depot  
  130  9:04  SCV  
  130  9:07  Hellion  
  130  9:08  Hellion  
  125  9:12  Hellion x2, Cyclone x3  
  125  9:15  Armory  
  125  9:16  SCV  
  135  9:23  SCV x2  
  137  9:24  SCV  
  137  9:25  Sensor Tower  
  138  9:34  Unknown  
  138  9:36  Terran Vehicle And Ship Armor Level 1  
  138  9:46  Engineering Bay  
  134  10:01  Liberator  
  134  10:02  Liberator  
  121  10:13  Hellion x2, Siege Tank x2  
  126  10:14  Factory Tech Lab  
  126  10:18  Siege Tank  
  126  10:19  SCV x2  
  137  10:34  Siege Tank  
  140  10:43  SCV  
  140  10:44  SCV x2  
  140  10:46  Command Center, Hellion x2, Siege Tank x2  
  140  10:48  Terran Vehicle Weapons Level 3, Terran Ship Weapons Level 1  
  153  10:55  Siege Tank, Missile Turret  
  156  10:57  Missile Turret x3, Unknown  
  156  11:00  Infernal Pre-Igniter  
  156  11:05  Factory  
  156  11:07  Starport  
  156  11:16  Orbital Command  
  156  11:18  Missile Turret  
  156  11:26  Liberator  
  156  11:30  Command Center  
  156  11:32  Liberator  
  156  11:40  Siege Tank  
  156  11:41  Cyclone x2, Siege Tank  
  156  11:42  Hellion  
  156  11:43  Hellion  
  171  11:50  Starport Reactor  
  171  11:51  Factory Tech Lab  
  174  11:54  Terran Vehicle And Ship Armor Level 2  
  174  12:08  Hellion x2  
  178  12:12  Siege Tank  
  178  12:13  Cyclone  
  173  12:20  Liberator x3  
  164  12:29  Orbital Command  
  159  12:33  SCV  
  159  12:34  SCV x3  
  159  12:36  Hellion x2, Siege Tank x2  
  174  12:55  Siege Tank x2  
  180  12:58  Refinery  
  180  13:00  Refinery  
  180  13:03  Sensor Tower  
  180  13:07  Hellion  
  180  13:08  Hellion  
  180  13:09  Sensor Tower  
  180  13:11  Terran Ship Weapons Level 2  
  180  13:12  Missile Turret x2  
  184  13:22  Command Center  
  184  13:23  Siege Tank  
  186  13:31  Command Center  
  186  13:49  Planetary Fortress  
  186  14:05  Cyclone x2  
  192  14:11  Cyclone  
  192  14:12  Refinery x2  
  192  14:15  Command Center  
  180  14:31  Liberator  
  180  14:36  Siege Tank  
  180  14:37  Hellion, Siege Tank  
  180  14:38  Siege Tank  
  177  14:42  Hellion  
  177  14:43  Siege Tank  
  165  14:53  Refinery  
  165  15:08  Planetary Fortress, Siege Tank  
  165  15:10  Missile Turret  
  165  15:11  Missile Turret  
  168  15:15  Missile Turret  
  168  15:24  Missile Turret  
  168  15:30  Cyclone x2, Missile Turret  
  168  15:32  Missile Turret  
  173  15:37  Refinery  
  173  15:40  Refinery  
  173  15:45  Planetary Fortress  
  176  15:50  Hellion x2  
  176  15:51  Cyclone  
  176  15:54  Cyclone  
  180  16:02  Siege Tank  
  183  16:06  Cyclone  
  180  16:23  Cyclone  
  171  16:26  Cyclone  
  174  16:34  Cyclone  
  174  16:39  Cyclone  
  180  16:44  Planetary Fortress  
  180  16:52  Command Center  
  180  17:03  Cyclone x2  
  186  17:14  Command Center  
  186  17:16  Command Center  
  186  17:26  Engineering Bay x3  
  183  17:41  Cyclone  
  183  17:42  Cyclone x2  
  192  17:58  Cyclone  
  192  18:01  Missile Turret  
  192  18:02  Missile Turret  
  192  18:03  Terran Vehicle And Ship Armor Level 3, Terran Ship Weapons Level 3, Missile Turret  
  192  18:14  Cyclone x3  
  194  18:23  Missile Turret  
  194  18:31  Cyclone  
  188  18:46  Cyclone x3  
  197  18:49  Sensor Tower  
  197  18:57  Factory  
  197  19:03  Cyclone  
  196  19:27  Hellion x2  
  197  19:46  Liberator  
  197  19:47  Liberator x2  
  197  19:50  Cyclone x3  
  178  19:55  Cyclone  
  169  20:10  Hellion x2  
  169  20:11  Factory Tech Lab  
  173  20:21  Liberator  
  173  20:22  Cyclone x2  
  173  20:24  Hellion  
  173  20:25  Hellion  
  173  20:27  Cyclone  
  184  20:35  Refinery  
  179  20:36  Cyclone  
  179  20:37  Hellion x2  
  179  20:42  Command Center, Orbital Command  
  189  20:44  Liberator x2  
  189  20:46  Cyclone  
  182  21:01  Hellion x3  
  177  21:17  Orbital Command  
  177  21:18  Planetary Fortress  
  177  21:19  Orbital Command  
  181  21:25  Hellion  
  181  21:26  Hellion x5  
  189  21:39  Missile Turret  
  189  21:41  Refinery, Missile Turret  
  189  21:42  Missile Turret  
  189  21:55  Cyclone  
  189  21:56  Cyclone  
  189  22:00  Planetary Fortress  
  195  22:05  Liberator  
  198  22:49  Command Center  
  198  22:50  Command Center  
  198  23:05  Cyclone x2  
  182  23:06  Cyclone  
  182  23:07  Hellion  
  182  23:08  Hellion x4  
  182  23:09  Orbital Command  
  182  23:10  Liberator x2  
  190  23:48  Viking x2  
  190  24:10  Viking  
  179  24:37  Viking x2  
  183  24:41  Cyclone x3  
  183  24:42  Cyclone, Hellion x2  
  116  25:17  Hellion x2  
Tags
 
Add a new tag
Caveats
  • Supply blocks, unpowered buildings, or Contaminate may cause inaccurate times.
  • Supply counts are checked every 10 seconds.